 Dungeon Crawl Stone Soup version 0.17.1-1-g73c8601 (webtiles) character file.

4544 Ivanskos the Fighter (level 10, -4/99 HPs)
             Began as a Deep Dwarf Fighter on Dec 26, 2015.
             Was a Believer of Makhleb.
             Slain by a three-headed hydra (10 damage)
             ... on level 8 of the Dungeon.
             The game lasted 00:17:55 (5526 turns).

Ivanskos the Fighter (Deep Dwarf Fighter)           Turns: 5526, Time: 00:17:55

Health: -4/99      AC: 12    Str: 22    XL:     10   Next: 17%
Magic:  9/9        EV:  9    Int: 10    God:    Makhleb [**....]
Gold:   355        SH: 11    Dex: 12    Spells: 0 memorised, 9 levels left

rFire  + . .     SeeInvis .     z - +2 flail (crush)
rCold  + . .     Clarity  .     a - +2 leather armour of the Gravedigger {rF+}
rNeg   + . .     SustAt   .     c - +0 shield
rPois  .         Gourm    .     (no helmet)
rElec  .         Spirit   .     D - +2 cloak
rCorr  .         Warding  .     B - +0 pair of gloves
rMut   .         Stasis   .     b - +0 pair of boots
MR     +....                    (no amulet)
Stlth  +.........               H - ring of positive energy
                                j - ring of protection from cold

@: non-regenerating, somewhat resistant to hostile enchantments, very unstealthy
A: damage resistance, recharge devices, sense surroundings 2, slow regeneration
3
a: Device Recharging, Minor Destruction, Renounce Religion


You were on level 8 of the Dungeon.
You worshipped Makhleb.
Makhleb was pleased with you.
You were not hungry.

You visited 2 branches of the dungeon, and saw 9 of its levels.

You collected 355 gold pieces.

Inventory:

Hand Weapons
 z - a +2 flail of crushing (weapon)
Armour
 a - the +2 leather armour of the Gravedigger (worn) {rF+}
   (You found it on level 4 of the Dungeon)

   It protects you from fire.
 b - a +0 pair of boots (worn)
 c - a +0 shield (worn)
 B - a +0 pair of gloves (worn)
 D - a +2 cloak (worn)
Rods
 E - a +0 rod of destruction (12/12)
   (You found it on level 7 of the Dungeon)
Jewellery
 j - a ring of protection from cold (left hand)
 m - an uncursed amulet of guardian spirit
 n - an uncursed amulet of the gourmand
 H - a ring of positive energy (right hand)
Wands
 d - a wand of confusion (29)
 e - a wand of heal wounds (1)
 i - a wand of cold (10)
 p - a wand of draining (4)
 F - a wand of polymorph (10)
 J - a wand of random effects (36)
 M - a wand of lightning (8)
Scrolls
 k - 2 scrolls of remove curse
 q - a scroll of blinking {unknown}
 t - a scroll of teleportation {unknown}
 y - a scroll of enchant weapon {unknown}
 A - 2 scrolls of enchant armour {unknown}
 G - a scroll of amnesia {unknown}
 K - a scroll of identify
Potions
 g - a potion of haste
 l - a potion of resistance
 o - a potion of curing
 s - 4 potions of heal wounds {unknown}
 v - a potion of degeneration {unknown}
 w - 3 potions of brilliance
 C - a potion of poison {unknown}
 L - a potion of berserk rage {unknown}
Books
 f - a book of the Tempests

   Spells                             Type                      Level
   a - Static Discharge               Conjuration/Air              3
   b - Lightning Bolt                 Conjuration/Air              5
   c - Fireball                       Conjuration/Fire             5
   d - Tornado                        Air                          9
   e - Shatter                        Earth                        9
 I - a book of Hinderance

   Spells                             Type                      Level
   a - Confusing Touch                Hexes                        2
   b - Confuse                        Hexes                        3
   c - Gell's Gravitas                Hexes/Translocation          3
   d - Petrify                        Transmutation/Earth          4
   e - Metabolic Englaciation         Hexes/Ice                    5
Comestibles
 h - 14 fruits
 r - 5 meat rations
 u - 8 slices of pizza
 x - 4 bread rations


   Skills:
 * Level 9.3 Fighting
 + Level 6.7 Maces & Flails
 + Level 8.1 Armour
 + Level 8.0 Shields


You had 9 spell levels left.
You didn't know any spells.

Dungeon Overview and Level Annotations

Branches:
Dungeon (8/15)             Temple (1/1) D:6            Lair (0/8) D:8

Altars:
Ashenzari
Cheibriados
Dithmenos
Elyvilon
Fedhas
Gozag
Kikubaaqudgha
Makhleb
Nemelex Xobeh
Okawaru
Qazlal
Ru
Sif Muna
Trog
Vehumet
Xom
Zin
The Shining One


Innate Abilities, Weirdness & Mutations

You are resistant to damage.
You can recharge devices by infusing magical energy.
You passively map the area around you.
You do not regenerate naturally.


Message History

The three-headed hydra barely misses you.
The three-headed hydra bites you!
* * * LOW HITPOINT WARNING * * *
You hit the three-headed hydra.
The three-headed hydra is almost dead.
You block the three-headed hydra's attack.
The three-headed hydra bites you!
* * * LOW HITPOINT WARNING * * *
The three-headed hydra barely misses you.
You barely miss the three-headed hydra.
The three-headed hydra is almost dead.
The three-headed hydra bites you.
You block the three-headed hydra's attack.
The three-headed hydra bites you!
* * * LOW HITPOINT WARNING * * *
You sock the three-headed hydra!
The three-headed hydra is almost dead.
The three-headed hydra bites you but does no damage.
The three-headed hydra bites you!
You die...

*.######.##.#.#... **,
...........#..### ,
######.####....# ,
#.......##..##.
###########............##
#PP≈P.+).##.............#
#P≈≈≈≈#.K##........#...##
#≈)P≈P##D##........##.###
###.....#.@##.......#.#####
#.††....'..##..(....##.###.
#.#...P.'..############...#
#)#≈....'..# ##.##
#.#.....#..#############.#
#.##########.............#
#.####.# #.#############
#......#####.#
######.......#


You could see a three-headed hydra and a big kobold.

Vanquished Creatures
  Pikel (D:5)
  Sigmund (D:4)
  2 yaks (D:8)
  2 hippogriffs (D:7)
  Menkaure (D:4)
  Edmund (D:4)
  3 wargs (D:8)
  A sky beast (D:6)
  2 ogres (D:4)
  An orc warrior (D:6)
  A black bear (D:7)
  3 ice beasts
  2 giant frogs
  2 big kobolds (D:8)
  3 scorpions
  6 killer bees (D:7)
  5 wights
  3 crimson imps
  4 orc priests
  6 hounds
  7 orc wizards
  A centaur skeleton (D:4)
  3 iguanas
  2 giant frog skeletons (D:4)
  3 worker ants
  2 sheep (D:8)
  A hound skeleton (D:4)
  10 gnolls
  12 adders
  2 shadow imps
  An ooze (D:3)
  2 worms
  4 giant geckos
  19 orcs
  10 bats
  7 giant cockroaches
  7 hobgoblins
  3 jackals (D:3)
  2 ball pythons
  4 giant newts
  6 goblins
  2 quokkas
  A quokka skeleton (D:7)
  8 rats
169 creatures vanquished.

Vanquished Creatures (others)
  A slave (D:5)
  A worker ant (D:5)
2 creatures vanquished.

Grand Total: 171 creatures vanquished

Notes
Turn   | Place    | Note
--------------------------------------------------------------
     0 | D:1      | Ivanskos the Deep Dwarf Fighter began the quest for the Orb.
     0 | D:1      | Reached XP level 1. HP: 20/20 MP: 1/1
   122 | D:1      | Reached XP level 2. HP: 27/27 MP: 0/2
   625 | D:2      | Reached XP level 3. HP: 19/34 MP: 0/3
   935 | D:2      | Found a deep blue altar of Sif Muna.
  1174 | D:3      | Found an ancient bone altar of Kikubaaqudgha.
  1180 | D:3      | Reached XP level 4. HP: 29/42 MP: 0/4
  1203 | D:3      | Found a sacrificial altar of Ru.
  1213 | D:3      | Reached skill level 4 in Armour
  1530 | D:3      | Reached XP level 5. HP: 42/50 MP: 0/5
  1896 | D:4      | Noticed Sigmund
  1909 | D:4      | Killed Sigmund
  1909 | D:4      | Reached XP level 6. HP: 19/58 MP: 0/6
  2023 | D:4      | Got a spiked leather armour
  2034 | D:4      | Identified the +2 leather armour of the Gravedigger {rF+} (You found it on level 4 of the Dungeon)
  2168 | D:4      | Noticed Menkaure
  2171 | D:4      | Reached skill level 5 in Fighting
  2176 | D:4      | Killed Menkaure
  2176 | D:4      | Reached skill level 5 in Armour
  2176 | D:4      | Reached XP level 7. HP: 26/67 MP: 0/7
  2258 | D:4      | Noticed an ogre
  2267 | D:4      | Killed an ogre
  2292 | D:4      | Reached skill level 5 in Shields
  2339 | D:4      | Noticed Edmund
  2360 | D:4      | Killed Edmund
  2485 | D:4      | Found a glowing silver altar of Zin.
  2588 | D:4      | Reached skill level 6 in Fighting
  2600 | D:4      | Found a radiant altar of Vehumet.
  2603 | D:4      | Found a white marble altar of Elyvilon.
  2656 | D:5      | Entered Level 5 of the Dungeon
  2838 | D:5      | Reached XP level 8. HP: 42/76 MP: 0/8
  3161 | D:5      | Noticed Pikel
  3167 | D:5      | Killed Pikel
  3167 | D:5      | Reached skill level 7 in Fighting
  3167 | D:5      | Reached skill level 5 in Maces & Flails
  3655 | D:6      | Gained mutation: You passively map the area around you. [Deep Dwarf growth]
  3655 | D:6      | Reached XP level 9. HP: 70/86 MP: 8/8
  4089 | D:6      | Found a staircase to the Ecumenical Temple.
  4098 | Temple   | Entered the Ecumenical Temple
  4205 | Temple   | Became a worshipper of Makhleb the Destroyer
  4524 | D:7      | Reached skill level 8 in Fighting
  4682 | D:7      | Reached * piety under Makhleb
  5143 | D:8      | Found a staircase to the Lair.
  5253 | D:8      | Reached skill level 9 in Fighting
  5253 | D:8      | Reached XP level 10. HP: 48/99 MP: 9/9
  5282 | D:8      | Reached ** piety under Makhleb
  5511 | D:8      | Noticed a three-headed hydra
  5526 | D:8      | Slain by a three-headed hydra

Action                   |  1- 3 |  4- 6 |  7- 9 | 10-12 || total
-------------------------+-------+-------+-------+-------++-------
Melee: Flail             |   128 |   121 |   345 |    79 ||   673
 Abil: Device Recharging |       |       |     1 |       ||     1
Evoke: Wand              |     1 |     3 |    11 |       ||    15
  Use: Scroll            |       |     1 |     7 |       ||     8
       Potion            |       |       |     3 |       ||     3
 Stab: Paralysed         |       |     2 |       |       ||     2
       Sleeping          |       |       |     1 |       ||     1
  Eat: Bread ration      |     1 |       |       |       ||     1
       Royal jelly       |       |       |     1 |       ||     1
       Meat ration       |       |       |     2 |       ||     2
